 Dungeon Crawl Stone Soup version 0.31-a0-841-g038b102fc3 (webtiles) character file.

Game seed: 2228371713513694746

16746 Bravepunisher the Pandemonic (level 12, -5/61 HPs)
             Began as a Spriggan Monk on Sept 27, 2023.
             Was a High Priest of Makhleb.
             Killed from afar by a rime drake (22 damage)
             ... with an icy flash freeze
             ... on level 3 of the Lair of Beasts.
             The game lasted 00:41:13 (11540 turns).

Bravepunisher the Pandemonic (Spriggan Monk)       Turns: 11540, Time: 00:41:13

Health: -5/61      AC: 10    Str:  7    XL:     12   Next: 12%
Magic:  23/23      EV: 32    Int: 12    God:    Makhleb [*****.]
Gold:   497        SH:  0    Dex: 22    Spells: 11/11 levels left

rFire   . . .        b - +7 spear (freeze)
rCold   . . .        (no shield)
rNeg    . . .        q - +2 acid dragon scales
rPois   +            (helmet restricted)
rElec   .            c - +0 cloak
rCorr   +            (gloves unavailable)
SInv    +            (boots unavailable)
Will    ++...        E - amulet of the acrobat
Stlth   +            a - +5 ring of evasion
HPRegen 0.30/turn    A - ring of poison resistance
MPRegen 0.18/turn

%: acrobat
@: very quick
A: very small, no large weapons, unfitting armour, see invisible, speed 3
a: Renounce Religion, Minor Destruction, Lesser Servant of Makhleb, Major
Destruction, Greater Servant of Makhleb


You were on level 3 of the Lair of Beasts.
You worshipped Makhleb.
Makhleb was extremely pleased with you.
You visited 3 branches of the dungeon, and saw 14 of its levels.

You collected 665 gold pieces.
You spent 168 gold pieces at shops.

Inventory:

Hand Weapons
 b - a +7 spear of freezing (weapon)
 C - a +1 long sword of flaming
Armour
 c - a +0 cloak (worn)
 q - +2 acid dragon scales (worn)
Jewellery
 a - a +5 ring of evasion (left hand)
 j - a ring of protection from cold
 A - a ring of poison resistance (right hand)
 B - a ring of protection from fire
 E - an amulet of the acrobat (around neck)
Wands
 s - a wand of paralysis (3)
 y - a wand of flame (31)
Scrolls
 d - a scroll of revelation
 e - 3 scrolls of noise
 f - 3 scrolls of poison
 g - a scroll of brand weapon
 k - 3 scrolls of fear
 u - 5 scrolls of teleportation
 x - 3 scrolls of vulnerability
Potions
 h - a potion of ambrosia
 i - a potion of lignification
 m - 3 potions of brilliance
 n - a potion of haste
 o - a potion of resistance
 p - a potion of curing
 w - 2 potions of degeneration {unknown}
 z - 3 potions of heal wounds {unknown}


   Skills:
 + Level 6.1 Fighting
 - Level 3.2 Short Blades
 + Level 1.8 Polearms
 + Level 4.7 Armour
 + Level 13.8 Dodging
 * Level 14.1 Invocations


You had 11 spell levels left.
You didn't know any spells.
Your spell library contained the following spells:

 Spells                   Type           Power      Damage    Failure   Level
 Ensorcelled Hibernation  Hex/Ice        0%         N/A       65%         2
 Jinxbite                 Hex            0%         N/A       65%         2
 Scorch                   Fire           0%         2d5       65%         2
 Static Discharge         Conj/Air       0%         2-2/arc   65%         2
 Inner Flame              Hex/Fire       0%         N/A       86%         3
 Ozocubu's Armour         Ice            0%         N/A       86%         3
 Airstrike                Air            0%         2d(0-16)  99%         4
 Anguish                  Hex/Necr       0%         N/A       99%         4
 Brom's Barrelling Bould  Conj/Erth      0%         2d3       99%         4
 Flame Wave               Conj/Fire      0%         2d4       99%         4
 Sticky Flame             Conj/Fire      0%         2d3       99%         4
 Summon Lightning Spire   Summ/Air       0%         N/A       99%         4
 Fireball                 Conj/Fire      0%         3d3       100%        5
 Iskenderun's Battlesphe  Conj           0%         2d6       100%        5
 Metabolic Englaciation   Hex/Ice        0%         N/A       100%        5
 Summon Forest            Summ/Tloc      0%         N/A       100%        5
 Conjure Ball Lightning   Conj/Air       0%         3x3d6     100%        6
 Eringya's Noxious Bog    Tmut/Pois      0%         4d6       100%        6
 Simulacrum               Ice/Necr       0%         N/A       100%        6
 Summon Cactus Giant      Summ           0%         N/A       100%        6
 Orb of Destruction       Conj           0%         9d5       100%        7
 Summon Hydra             Summ           0%         N/A       100%        7
 Discord                  Hex            0%         N/A       100%        8
 Disjunction              Tloc           0%         N/A       100%        8


Dungeon Overview and Level Annotations

Branches:
Dungeon (10/15)            Temple (1/1) D:4            Lair (3/5) D:10
  Snake (0/4) Lair:3
  Swamp: Lair:2-3    Shoals: Lair:2-3       Orc: D:9-12

Altars:
Ashenzari
Cheibriados
Dithmenos
Elyvilon
Fedhas
Gozag
Hepliaklqana
Kikubaaqudgha
Makhleb
Nemelex Xobeh
Okawaru
Qazlal
Ru
Sif Muna
Trog
Uskayaw
Vehumet
Wu Jian
Xom
Yredelemnul
Zin
The Shining One

Shops:
D:1 ?   D:4 *   D:6 *

Annotations:
D:4 1 runed translucent door, Frenzy's ghost, amateur DsAr
D:5 Menkaure
D:6 2 runed translucent doors


Innate Abilities, Weirdness & Mutations

You are very small and have problems with some larger weapons.
You are too small for most types of armour.
You have supernaturally acute eyesight. (SInv)
You cover ground extremely quickly. (Speed+++)


Message History

Okay, then.
The ice encasing you melts away.
Aiming: Minor Destruction (0% risk of failure)
Press: ? - help, Shift-Dir - straight line, f/p - rime drake
Aim: a rime drake The glob of acid hits the rime drake!
The acid corrodes the rime drake!
The rime drake is moderately wounded.
Aiming: Minor Destruction (0% risk of failure)
Press: ? - help, Shift-Dir - straight line, f/p - rime drake
Aim: a rime drake (moderately wounded, covered in acid)
The zap misses the rime drake.
The zap hits the fungus.
The fungus begins to die.
The fungus is lightly damaged.
You barely miss the rime drake.
The rime drake is moderately wounded.
The rime drake completely misses you.
You hit the rime drake. You freeze the rime drake.
The rime drake is heavily wounded.
The rime drake breathes ice at you. The icy flash freeze hits you!!
* * * LOW HITPOINT WARNING * * *
You are encased in ice.
The rime drake bites you but does no damage.
Okay, then.
Aiming: Minor Destruction (0% risk of failure)
Press: ? - help, Shift-Dir - straight line, f/p - rime drake
Aim: a rime drake (heavily wounded, catching its breath, covered in acid)
The puff of flame hits the rime drake!
The rime drake is almost dead.
The rime drake bites you but does no damage.
Aiming: Minor Destruction (0% risk of failure)
Press: ? - help, Shift-Dir - straight line, f/p - rime drake
Aim: a rime drake (almost dead, covered in acid)
The stone arrow misses the rime drake.
The stone arrow hits the fungus!
The fungus is lightly damaged.
The ice encasing you melts away.
A nearby fungus withers and dies.
The rime drake breathes ice at you. The icy flash freeze hits you!!
You die...

...## #....# ##..
...# #....# ......
...
##....#####......
#.[..............
##...............
#........##.#..#
#P..†.#..........
##....#..k.......
#....+..@.......
.................
..>.........#..#.#
..............
....
...............
... ..$....(.....
.. ..............
. P..#.#####.###


You could see a rime drake (catching breath, corroded).

Vanquished Creatures
  A hydra (Lair:2)
  A boulder beetle (Lair:1)
  An ugly thing (D:9)
  3 elephants
  7 cane toads
  A komodo dragon (Lair:2)
  2 polar bears (Lair:1)
  5 blink frogs (Lair:1)
  4 wyverns
  15 yaks
  Eustachio (D:6)
  2 basilisks
  A steam dragon (Lair:3)
  5 water moccasins
  2 sky beasts
  3 orc warriors
  3 black bears
  8 wolves (Lair:3)
  4 ogres
  5 centaurs
  2 kobold brigands
  8 bullfrogs
  A gnoll sergeant (D:8)
  2 scorpions
  9 wights
  15 killer bees (Lair:2)
  A hound (D:4)
  5 orc priests
  A sleepcap (D:5)
  5 iguanas
  6 orc wizards
  Robin (D:2)
  7 gnolls
  9 adders
  A river rat (Lair:2)
  3 worms
  4 dart slugs
  25 orcs
  6 endoplasms
  6 giant cockroaches
  11 goblins
  9 hobgoblins
  4 jackals (D:1)
  17 kobolds
  2 quokkas
  6 ball pythons
  3 bats
  2 frilled lizards
  8 rats
253 creatures vanquished.

Vanquished Creatures (collateral kills)
  Joseph (D:7)
  An elephant (Lair:3)
  A cane toad (Lair:2)
  A komodo dragon (Lair:2)
  2 wyverns
  A yak (Lair:3)
  An acid dragon (D:7)
  2 killer bees (Lair:2)
10 creatures vanquished.

Grand Total: 263 creatures vanquished

Notes
Turn   | Place    | Note
-------+----------+-------------------------------------------
     0 | D:1      | Bravepunisher the Spriggan Monk began the quest for the
                  | Orb.
     0 | D:1      | Reached XP level 1. HP: 11/11 MP: 2/2
    28 | D:1      | Found Bubeu's Magic Scroll Emporium.
   287 | D:4      | Noticed an ogre
   300 | D:4      | Noticed a black bear
   423 | D:4      | Found a staircase to the Ecumenical Temple.
   428 | Temple   | Entered the Ecumenical Temple
   466 | Temple   | Became a worshipper of Makhleb the Destroyer
   466 | Temple   | Reached * piety under Makhleb
   466 | Temple   | Reached ** piety under Makhleb
   579 | D:3      | Reached XP level 2. HP: 13/16 MP: 3/3
   651 | D:3      | Reached skill level 1 in Invocations
   905 | D:1      | Reached XP level 3. HP: 18/19 MP: 5/5
  1102 | D:1      | Found a faded altar of an unknown god.
  1106 | D:1      | Reached skill level 2 in Invocations
  1606 | D:2      | Reached skill level 5 in Dodging
  1622 | D:2      | Reached XP level 4. HP: 22/23 MP: 6/6
  1769 | D:2      | Noticed Robin
  1771 | D:2      | Reached *** piety under Makhleb
  1793 | D:2      | Killed Robin
  1794 | D:2      | Reached skill level 3 in Invocations
  2368 | D:3      | Reached XP level 5. HP: 24/27 MP: 8/8
  2506 | D:3      | Noticed an ogre
  2519 | D:3      | Killed an ogre
  2520 | D:3      | Reached skill level 4 in Invocations
  2591 | D:3      | Reached XP level 6. HP: 31/32 MP: 10/10
  3130 | D:4      | Reached skill level 5 in Invocations
  3314 | D:4      | Reached XP level 7. HP: 20/35 MP: 12/12
  3471 | D:4      | Found Elamumm's General Store.
  3476 | D:4      | Reached skill level 6 in Invocations
  3491 | D:4      | Bought a scroll of teleportation for 42 gold pieces
  3491 | D:4      | Bought a scroll of teleportation for 42 gold pieces
  3587 | D:4      | Found a runed translucent door.
  3588 | D:4      | Noticed Frenzy's ghost (amateur DsAr)
  3644 | D:5      | Entered Level 5 of the Dungeon
  3729 | D:5      | Reached **** piety under Makhleb
  3916 | D:5      | Noticed Menkaure
  4617 | D:6      | Reached skill level 7 in Invocations
  4857 | D:6      | Reached XP level 8. HP: 38/39 MP: 14/14
  4927 | D:6      | Noticed Eustachio
  4940 | D:6      | Killed Eustachio
  5109 | D:6      | Found Leism's Assorted Antiques.
  5117 | D:6      | Bought a scroll labelled DAV QIYFIMU for 28 gold pieces
  5117 | D:6      | Bought a scroll labelled JAETO QASIUVA for 28 gold pieces
  5117 | D:6      | Bought a scroll labelled JAETO QASIUVA for 28 gold pieces
  5224 | D:6      | Reached skill level 8 in Invocations
  5335 | D:6      | Found a runed translucent door.
  5336 | D:6      | Found a runed translucent door.
  5813 | D:7      | Found a sacrificial altar of Ru.
  6105 | D:7      | Reached skill level 9 in Invocations
  6274 | D:7      | Noticed Joseph
  6304 | D:7      | Killed Joseph
  6305 | D:7      | Reached skill level 10 in Dodging
  6305 | D:7      | Reached XP level 9. HP: 29/43 MP: 15/17
  6592 | D:7      | Reached skill level 10 in Invocations
  7007 | D:8      | Reached skill level 11 in Invocations
  7069 | D:8      | Reached skill level 1 in Armour
  7133 | D:8      | You fall into a shaft and drop 1 floor!
  7192 | D:8      | Reached ***** piety under Makhleb
  7316 | D:8      | Reached XP level 10. HP: 48/49 MP: 19/19
  7553 | D:8      | Found a radiant altar of Vehumet.
  8352 | D:9      | Noticed a purple ugly thing
  8413 | D:9      | Killed a purple ugly thing
  8532 | D:10     | Entered Level 10 of the Dungeon
  8577 | D:10     | Found a staircase to the Lair.
  8577 | D:10     | Noticed an elephant
  8628 | Lair:1   | Entered Level 1 of the Lair of Beasts
  8675 | Lair:1   | Noticed a cane toad
  8687 | Lair:1   | Killed a cane toad
  8688 | Lair:1   | Reached skill level 12 in Invocations
  8787 | Lair:1   | Noticed a cane toad
  8788 | Lair:1   | Noticed a cane toad
  8804 | Lair:1   | Killed a cane toad
  8813 | Lair:1   | Killed a cane toad
  9159 | Lair:1   | Noticed a cane toad
  9183 | Lair:1   | Killed a cane toad
  9184 | Lair:1   | Reached XP level 11. HP: 54/54 MP: 21/21
  9238 | Lair:1   | Noticed a boulder beetle
  9272 | Lair:1   | Killed a boulder beetle
  9680 | Lair:1   | Reached skill level 5 in Fighting
 10020 | Lair:2   | Noticed a four-headed hydra
 10024 | Lair:2   | Reached skill level 13 in Invocations
 10075 | Lair:2   | Killed a four-headed hydra
 10667 | Lair:2   | HP: 1/56 [wyvern (14)]
 11295 | Lair:3   | Reached skill level 1 in Polearms
 11354 | Lair:3   | Reached XP level 12. HP: 30/61 MP: 23/23
 11357 | Lair:3   | Reached skill level 14 in Invocations
 11517 | Lair:3   | Found a staircase to the Snake Pit.
 11540 | Lair:3   | Killed from afar by a rime drake

Illustrated notes

Levels and vault maps discovered:
D:1:      nicolae_arrival_somewhat_less_tricky_arrival, layout_rooms,
          dreamdust_ecumenical_altar_statues, serial_shops, shop_statue
D:2:      layout_loops_ring, chequers_jeans, uniq_robin
D:3:      layout_basic
D:4:      layout_rooms, temple_doors_e, serial_aquarium,
          aquarium_bridge_island_small [aquarium_subvault_small_open,
          aquarium_subvault_bridge, aquarium_subvault_window,
          aquarium_subvault_wall, aquarium_subvault_bridge],
          aquarium_bridge_long_joined [aquarium_subvault_wall,
          aquarium_subvault_bridge, aquarium_subvault_window,
          aquarium_subvault_wall, aquarium_subvault_wall,
          aquarium_subvault_bridge], aquarium_window_3, aquarium_window_fake,
          aquarium_window_fake, aquarium_view_2b, aquarium_balcony_5a,
          aquarium_pool_S, serial_shops, shop, ebering_ghost_sewer_d
D:5:      layout_loops_cross, nicolae_hexahallways, uniq_menkaure
D:6:      lemuel_insect_pit, layout_loops_ring, serial_shops, shop,
          uniq_eustachio
D:7:      kennysheep_big_flooded_room, layout_basic,
          nicolae_ru_great_annihilating_truth, minmay_misc_feat_roman,
          uniq_joseph
D:8:      layout_rooms, vehumet_altar_wand_db
D:9:      layout_roguey
D:10:     layout_roguey, david_lair_generic, minmay_misc_feat_nine_boxes,
          uniq_snorg
Temple:   mainiacjoe_temple_cubbyholes
Lair:1:   layout_cave_pods, infiniplex_staircase_pool_2, grunt_megastairs_5
Lair:2:   hangedman_what_comes_after_a, layout_regular_city,
          elwin_shoals_entry_rocks, chequers_serial_rivers_large_b,
          wad_woods_road_05
Lair:3:   layout_chaotic_city, dummy_snake_entry, minmay_hedge_maze,
          grunt_megastairs_4, serial_bayou_shore_b

Skill      XL: |  1  2  3  4  5  6  7  8  9 10 11 12 |
---------------+-------------------------------------+-----
Invocations    | 1 2 3 4 5 7 9 11 12 13 14 | 14.1
Dodging        | 5 6 8 10 11 12 13 | 13.8
Fighting       | 3 4 6 |  6.1
Armour         | 1 3 4 |  4.7
Polearms       | 1 |  1.8
Short Blades   | |  3.2

Action                     |  1- 3 |  4- 6 |  7- 9 | 10-12 || total
---------------------------+-------+-------+-------+-------++-------
  Melee: Short sword       |    70 |     7 |       |       ||    77
         Dagger            |       |     3 |     3 |       ||     6
         Long sword        |       |       |    37 |    14 ||    51
         Punch             |       |       |     1 |     8 ||     9
         Spear             |       |       |       |   331 ||   331
 Invoke: Minor Destruction |    64 |   101 |   239 |   247 ||   651
         Lesser Servant of |       |       |     2 |     8 ||    10
  Evoke: Wand              |       |       |       |     8 ||     8
    Use: Potion            |     2 |       |       |     5 ||     7
         Scroll            |       |       |       |    23 ||    23
   Stab: Sleeping          |     1 |       |       |     1 ||     2
         Distracted        |       |       |     1 |     2 ||     3
         Paralysed         |       |       |       |    10 ||    10
 Armour: Robe              |    18 |     6 |    27 |       ||    51
         Acid dragon scale |       |       |    11 |   136 ||   147
  Dodge: Dodged            |    68 |    12 |   155 |   653 ||   888

Table legend: (Time is in decaauts)
 A = Elapsed time spent in this place.
 B = Non-inter-level travel time spent in this place.
 C = Inter-level travel time spent in this place.
 D = Time resting spent in this place.
 E = Time spent auto-exploring this place.
 F = Levels seen in this place.
 G = Mean time per level.
                   A        B        C        D        E       F      G
               +--------+--------+--------+--------+--------+-----+--------+
         Total |   8603 |   8293 |    310 |    688 |   5328 |  14 |  614.5 |
       Dungeon |   6169 |   5927 |    242 |    411 |   4040 |  10 |  616.9 |
        Temple |     46 |      7 |     39 |      0 |      0 |   1 |   46.0 |
          Lair |   2387 |   2359 |     28 |    277 |   1288 |   3 |  795.7 |
               +--------+--------+--------+--------+--------+-----+--------+

Top non-repeatable levels by time:
  Lair:2: 1012 daAuts
  Lair:1: 993 daAuts
     D:7: 911 daAuts
     D:6: 849 daAuts
     D:3: 840 daAuts
     D:9: 689 daAuts
     D:5: 682 daAuts
     D:2: 599 daAuts
     D:4: 566 daAuts
     D:8: 530 daAuts
     D:1: 430 daAuts
  Lair:3: 381 daAuts
    D:10: 69 daAuts
  Temple: 46 daAuts
